TOP OF THE 1ST |
Nashville Sounds batting - Pitching for Salt Lake Bees : RHP Luis Cabrera
|
Pitching: RHP Luis Cabrera
|
|
Batting: SHB Robert Santiago
|
0-0: Called Strike 0-1: Foul Ball, location: 2F 0-2: Fly out, F9 (Flyball, 9D, EV 98.8 MPH)
|
Batting: RHB Yonetoshi Muranaka
|
0-0: Ball 1-0: Foul Ball, location: 2F 1-1: Ball 2-1: Ball 3-1: Foul Ball, location: 2F 3-2: Base on Balls
|
Batting: RHB Tim Cordle
|
0-0: Ball 1-0: Ball 2-0: Ball 3-0: Base on Balls Yonetoshi Muranaka to second
|
Batting: RHB Bill Cabrera
|
0-0: Ball 1-0: Foul Ball, location: 2F 1-1: Ball 2-1: Ball 3-1: Called Strike 3-2: Grounds into double play, 6-4-3 (Groundball, 6, EV 84.4 MPH)
|
Top of the 1st over - 0 runs, 0 hits, 0 errors, 1 left on base; Nashville 0 - Salt Lake 0 |
BOTTOM OF THE 1ST |
Salt Lake Bees batting - Pitching for Nashville Sounds : LHP Kalaida Steedman
|
Pitching: LHP Kalaida Steedman
|
|
Batting: RHB Kian-tat Chen
|
0-0: SOLO HOME RUN (Flyball, 7D, EV 103.1 MPH), Distance : 382 ft
|
Batting: LHB Justin Alexander
|
0-0: Foul Ball, location: 2F 0-1: Swinging Strike 0-2: Ground out 4-3 (Groundball, 34D, EV 108.1 MPH)
|
Batting: RHB Brandon Davis
|
0-0: Ground out 5-3 (Groundball, 56D, EV 96.9 MPH)
|
Batting: SHB Mario Padron
|
0-0: Swinging Strike 0-1: Ball 1-1: SINGLE (Line Drive, 3D, EV 99.4 MPH)
|
Batting: LHB Brett Bugge
|
0-0: Ball 1-0: Swinging Strike 1-1: Ball 2-1: Ball 3-1: Called Strike 3-2: Foul Ball, location: 2F 3-2: Foul Ball, location: 2F 3-2: Foul Ball, location: 2F 3-2: Ground out 4-3 (Groundball, 4, EV 109.4 MPH)
|
Bottom of the 1st over - 1 run, 2 hits, 0 errors, 1 left on base; Nashville 0 - Salt Lake 1 |
TOP OF THE 2ND |
Nashville Sounds batting - Pitching for Salt Lake Bees : RHP Luis Cabrera
|
Batting: RHB David Herrera
|
0-0: Foul Ball, location: 2F 0-1: Called Strike 0-2: Strikes out looking
|
Batting: RHB Jonathan Ellis
|
0-0: Swinging Strike 0-1: Ball 1-1: Foul Ball, location: 2F 1-2: Strikes out looking
|
Batting: RHB Wade Diamond
|
0-0: Ball 1-0: Ball 2-0: Foul Ball, location: 2F 2-1: Foul Ball, location: 2F 2-2: Foul Ball, location: 2F 2-2: Strikes out swinging
|
Top of the 2nd over - 0 runs, 0 hits, 0 errors, 0 left on base; Nashville 0 - Salt Lake 1 |
BOTTOM OF THE 2ND |
Salt Lake Bees batting - Pitching for Nashville Sounds : LHP Kalaida Steedman
|
Batting: SHB Butch Brown
|
0-0: Ball 1-0: Called Strike 1-1: Swinging Strike 1-2: Foul Ball, location: 2F 1-2: Foul Ball, location: 2F 1-2: Ball 2-2: Foul Ball, location: 2F 2-2: Ball 3-2: Strikes out swinging
|
Batting: RHB Timoleon Tsikouna
|
0-0: Ball 1-0: Foul Ball, location: 2F 1-1: Foul Ball, location: 2F 1-2: Strikes out swinging
|
Batting: RHB Nelle Lommen
|
0-0: Ball 1-0: Ball 2-0: SINGLE (Groundball, 34D, EV 99.4 MPH)
|
Batting: LHB Larry Prey
|
0-0: Ball 1-0: Swinging Strike 1-1: Ball 2-1: Ball 3-1: Foul Ball, location: 2F 3-2: Strikes out swinging
|
Bottom of the 2nd over - 0 runs, 1 hit, 0 errors, 1 left on base; Nashville 0 - Salt Lake 1 |
TOP OF THE 3RD |
Nashville Sounds batting - Pitching for Salt Lake Bees : RHP Luis Cabrera
|
Batting: LHB Gregg Power
|
0-0: Ball 1-0: Swinging Strike 1-1: Fly out, F9 (Flyball, 89D, EV 88.1 MPH)
|
Batting: RHB Tony Crespo
|
0-0: Ball 1-0: Ball 2-0: Ground out 6-3 (Groundball, 6, EV 101.9 MPH)
|
Batting: SHB Robert Santiago
|
0-0: Called Strike 0-1: Ball 1-1: Swinging Strike 1-2: Ball 2-2: Strikes out swinging
|
Top of the 3rd over - 0 runs, 0 hits, 0 errors, 0 left on base; Nashville 0 - Salt Lake 1 |
BOTTOM OF THE 3RD |
Salt Lake Bees batting - Pitching for Nashville Sounds : LHP Kalaida Steedman
|
Batting: RHB Kian-tat Chen
|
0-0: Ball 1-0: Foul Ball, location: 2F 1-1: Foul Ball, location: 2F 1-2: Ball 2-2: Foul Ball, location: 2F 2-2: Ball 3-2: Base on Balls
|
Batting: LHB Justin Alexander
|
0-0: SINGLE (Groundball, 4MD, EV 98.1 MPH) Kian-tat Chen to second
|
Batting: RHB Brandon Davis
|
0-0: Called Strike 0-1: Swinging Strike 0-2: Ball 1-2: Ball 2-2: Foul Ball, location: 2F 2-2: Ball 3-2: Strikes out swinging
|
Batting: SHB Mario Padron
|
0-0: Called Strike 0-1: Called Strike 0-2: Ball 1-2: Strikes out swinging
|
Batting: LHB Brett Bugge
|
0-0: Ball 1-0: Fly out, F9 (Flyball, 89M, EV 95.0 MPH)
|
Bottom of the 3rd over - 0 runs, 1 hit, 0 errors, 2 left on base; Nashville 0 - Salt Lake 1 |
TOP OF THE 4TH |
Nashville Sounds batting - Pitching for Salt Lake Bees : RHP Luis Cabrera
|
Batting: RHB Yonetoshi Muranaka
|
0-0: Ball 1-0: Foul Ball, location: 2F 1-1: Ball 2-1: Hit by Pitch
|
Batting: RHB Tim Cordle
|
0-0: Called Strike 0-1: Swinging Strike 0-2: Foul Ball, location: 2F 0-2: Ball 1-2: Foul Ball, location: 2F 1-2: Ball 2-2: Ball 3-2: Strikes out looking Yonetoshi Muranaka steals 2nd base (no throw) Batter strikes out.
|
Batting: RHB Bill Cabrera
|
0-0: Called Strike 0-1: Foul Ball, location: 2F 0-2: Strikes out looking
|
Batting: RHB David Herrera
|
0-0: Ground out 5-3 (Groundball, 56S, EV 85.0 MPH)
|
Top of the 4th over - 0 runs, 0 hits, 0 errors, 1 left on base; Nashville 0 - Salt Lake 1 |
BOTTOM OF THE 4TH |
Salt Lake Bees batting - Pitching for Nashville Sounds : LHP Kalaida Steedman
|
Batting: SHB Butch Brown
|
0-0: Ball 1-0: Foul Ball, location: 2F 1-1: Called Strike 1-2: Ball 2-2: Foul Ball, location: 2F 2-2: Foul Ball, location: 2F 2-2: Ball 3-2: Ground out 1-3 (Groundball, 15S, EV 68.1 MPH)
|
Batting: RHB Timoleon Tsikouna
|
0-0: Ball 1-0: Ball 2-0: Ball 3-0: Called Strike 3-1: Fly out, F8 (Flyball, 8RD, EV 95.0 MPH)
|
Batting: RHB Nelle Lommen
|
0-0: Called Strike 0-1: Swinging Strike 0-2: Ball 1-2: TRIPLE (Flyball, 9LD, EV 95.0 MPH)
|
Batting: LHB Larry Prey
|
0-0: Ball 1-0: Ball 2-0: Ground out U3 (Groundball, 3, EV 81.2 MPH)
|
Bottom of the 4th over - 0 runs, 1 hit, 0 errors, 1 left on base; Nashville 0 - Salt Lake 1 |
TOP OF THE 5TH |
Nashville Sounds batting - Pitching for Salt Lake Bees : RHP Luis Cabrera
|
Batting: RHB Jonathan Ellis
|
0-0: Foul Ball, location: 2F 0-1: Ball 1-1: Ball 2-1: Ball 3-1: Ground out 6-3 (Groundball, 6, EV 82.5 MPH)
|
Batting: RHB Wade Diamond
|
0-0: Swinging Strike 0-1: Called Strike 0-2: Ball 1-2: Foul Ball, location: 2F 1-2: Foul Ball, location: 2F 1-2: Strikes out looking
|
Batting: LHB Gregg Power
|
0-0: Ball 1-0: Foul Ball, location: 2F 1-1: SINGLE (Groundball, 4MD, EV 94.4 MPH)
|
Batting: RHB Tony Crespo
|
0-0: Fielders Choice at 2nd, 5-4 (Groundball, 56, EV 86.9 MPH)
|
Top of the 5th over - 0 runs, 1 hit, 0 errors, 1 left on base; Nashville 0 - Salt Lake 1 |
BOTTOM OF THE 5TH |
Salt Lake Bees batting - Pitching for Nashville Sounds : LHP Kalaida Steedman
|
Batting: RHB Kian-tat Chen
|
0-0: Foul Ball, location: 2F 0-1: Ground out 6-3 (Groundball, P, EV 83.8 MPH)
|
Batting: LHB Justin Alexander
|
0-0: Foul Ball, location: 2F 0-1: Swinging Strike 0-2: Strikes out looking
|
Batting: RHB Brandon Davis
|
0-0: Ball 1-0: Called Strike 1-1: Foul Ball, location: 2F 1-2: Ball 2-2: Foul Ball, location: 2F 2-2: Foul Ball, location: 2F 2-2: Strikes out swinging
|
Bottom of the 5th over - 0 runs, 0 hits, 0 errors, 0 left on base; Nashville 0 - Salt Lake 1 |
TOP OF THE 6TH |
Nashville Sounds batting - Pitching for Salt Lake Bees : RHP Luis Cabrera
|
Batting: SHB Robert Santiago
|
0-0: Ball 1-0: Foul Ball, location: 2F 1-1: Called Strike 1-2: Fly out, F8 (Line Drive, 8LD, EV 103.1 MPH)
|
Batting: RHB Yonetoshi Muranaka
|
0-0: Swinging Strike 0-1: Ball 1-1: Called Strike 1-2: Foul Ball, location: 2F 1-2: Foul Ball, location: 2F 1-2: Foul Ball, location: 2F 1-2: Foul Ball, location: 2F 1-2: Foul Ball, location: 2F 1-2: Foul Ball, location: 2F 1-2: Ground out 5-3 (Groundball, 5S, EV 68.1 MPH)
|
Batting: RHB Tim Cordle
|
0-0: Ball 1-0: Foul Ball, location: 2F 1-1: Called Strike 1-2: Ball 2-2: Foul Ball, location: 2F 2-2: Foul Ball, location: 2F 2-2: Foul Ball, location: 2F 2-2: Ground out 5-3 (Groundball, 56S, EV 84.4 MPH)
|
Top of the 6th over - 0 runs, 0 hits, 0 errors, 0 left on base; Nashville 0 - Salt Lake 1 |
BOTTOM OF THE 6TH |
Salt Lake Bees batting - Pitching for Nashville Sounds : LHP Kalaida Steedman
|
Batting: SHB Mario Padron
|
0-0: Ball 1-0: Swinging Strike 1-1: Foul Ball, location: 2F 1-2: Ball 2-2: Ball 3-2: Foul Ball, location: 2F 3-2: Base on Balls
|
Pitching: RHP Ben Voorhees
|
|
Batting: LHB Brett Bugge
|
0-0: Called Strike 0-1: Ball Wild Pitch! Mario Padron to second 1-1: Swinging Strike 1-2: Foul Ball, location: 2F 1-2: Ground out 6-3 (Groundball, 6, EV 85.0 MPH) Mario Padron to third
|
Batting: SHB Butch Brown
|
0-0: Ball 1-0: Foul Ball, location: 2F 1-1: Foul Ball, location: 2F 1-2: Strikes out looking
|
Batting: RHB Timoleon Tsikouna
|
0-0: Called Strike 0-1: Ball 1-1: Foul Ball, location: 2F 1-2: Foul Ball, location: 2F 1-2: Foul Ball, location: 2F 1-2: DOUBLE (Flyball, 8LXD, EV 93.8 MPH) Mario Padron scores
|
Batting: RHB Nelle Lommen
|
0-0: Fly out, F9 (Flyball, 9LD, EV 110.0 MPH)
|
Bottom of the 6th over - 1 run, 1 hit, 0 errors, 1 left on base; Nashville 0 - Salt Lake 2 |
TOP OF THE 7TH |
Nashville Sounds batting - Pitching for Salt Lake Bees : RHP Luis Cabrera
|
Batting: RHB Bill Cabrera
|
0-0: Ball 1-0: Called Strike 1-1: Foul Ball, location: 2F 1-2: Strikes out swinging, 2-3 out at first.
|
Pitching: RHP Danny Nava
|
|
Batting: RHB David Herrera
|
0-0: Called Strike 0-1: Ball 1-1: Ball 2-1: Ball 3-1: Base on Balls
|
Batting: RHB Jonathan Ellis
|
0-0: SINGLE (Groundball, 6MD, EV 95.6 MPH) David Herrera to second Runner from 2nd tries for 3rd, SAFE, throw by CF made to third Jonathan Ellis to second
|
Batting: RHB Wade Diamond
|
0-0: Ball 1-0: Swinging Strike 1-1: Foul Ball, location: 2F 1-2: Strikes out swinging
|
Batting: LHB Gregg Power
|
0-0: Fly out, F7 (Flyball, 7LM, EV 85.6 MPH)
|
Top of the 7th over - 0 runs, 1 hit, 0 errors, 2 left on base; Nashville 0 - Salt Lake 2 |
BOTTOM OF THE 7TH |
Salt Lake Bees batting - Pitching for Nashville Sounds : RHP Ben Voorhees
|
Batting: LHB Larry Prey
|
0-0: Ball 1-0: Foul Ball, location: 2F 1-1: Ball 2-1: SINGLE (Groundball, 4D, EV 96.2 MPH)
|
Batting: RHB Kian-tat Chen
|
0-0: Foul Ball, location: 2F 0-1: Fielders Choice at 2nd, 4-6 (Groundball, 4, EV 77.5 MPH)
|
Batting: LHB Justin Alexander
|
0-0: Called Strike Kian-tat Chen is caught stealing 2nd base 2-6 0-1: Ground out 5-3 (Groundball, 56, EV 88.8 MPH)
|
Bottom of the 7th over - 0 runs, 1 hit, 0 errors, 0 left on base; Nashville 0 - Salt Lake 2 |
TOP OF THE 8TH |
Nashville Sounds batting - Pitching for Salt Lake Bees : RHP Danny Nava
|
Pitching: RHP Josh Reynolds
|
|
Batting: RHB Tony Crespo
|
0-0: Ball 1-0: Ball 2-0: Called Strike 2-1: Called Strike 2-2: SINGLE (Line Drive, 34, EV 100.0 MPH)
|
Batting: SHB Robert Santiago
|
0-0: Ball 1-0: Fielders Choice at 2nd, 4-6 (Groundball, 4, EV 103.8 MPH)
|
Batting: RHB Yonetoshi Muranaka
|
0-0: Called Strike 0-1: Ball 1-1: Swinging Strike Passed Ball! Robert Santiago to second 1-2: Ball 2-2: Ground out 6-3 (Groundball, 6, EV 76.9 MPH) Robert Santiago to third
|
Batting: RHB Tim Cordle
|
0-0: Ball 1-0: Swinging Strike 1-1: Ball 2-1: Foul Ball, location: 2F 2-2: SINGLE (Groundball, 6MD, EV 105.0 MPH) Robert Santiago scores
|
Batting: RHB Bill Cabrera
|
0-0: Fly out, F5 (Line Drive, 5, EV 70.0 MPH)
|
Top of the 8th over - 1 run, 2 hits, 0 errors, 1 left on base; Nashville 1 - Salt Lake 2 |
BOTTOM OF THE 8TH |
Salt Lake Bees batting - Pitching for Nashville Sounds : RHP Ben Voorhees
|
Pitching: RHP Kevin Endsley
|
|
Batting: RHB Brandon Davis
|
0-0: Ball 1-0: Called Strike 1-1: Ground out 4-3 (Groundball, 4, EV 101.9 MPH)
|
Batting: SHB Mario Padron
|
0-0: Ball 1-0: Ball 2-0: Called Strike 2-1: Swinging Strike 2-2: Strikes out looking
|
Batting: LHB Brett Bugge
|
0-0: Ball 1-0: Called Strike 1-1: Ball 2-1: Fly out, F8 (Flyball, 8RD, EV 101.9 MPH)
|
Bottom of the 8th over - 0 runs, 0 hits, 0 errors, 0 left on base; Nashville 1 - Salt Lake 2 |
TOP OF THE 9TH |
Nashville Sounds batting - Pitching for Salt Lake Bees : RHP Josh Reynolds
|
Pitching: LHP Vinny Zavala
|
|
Batting: RHB David Herrera
|
0-0: Ball 1-0: Called Strike 1-1: Swinging Strike 1-2: Ball 2-2: Strikes out looking
|
Batting: RHB Jonathan Ellis
|
0-0: Ball 1-0: Called Strike 1-1: Called Strike 1-2: Ball 2-2: Strikes out swinging
|
Batting: RHB Wade Diamond
|
0-0: Ball 1-0: Swinging Strike 1-1: Ball 2-1: Ball 3-1: SINGLE (Groundball, 6MD, EV 95.6 MPH)
|
Pinch Hitting: RHB David Sharp
|
0-0: Called Strike 0-1: Called Strike 0-2: Ball 1-2: Ball 2-2: Strikes out swinging
|
Top of the 9th over - 0 runs, 1 hit, 0 errors, 1 left on base; Nashville 1 - Salt Lake 2 |
|